 Dungeon Crawl Stone Soup version 0.32-a0-22-g6ae6769 (webtiles) character file.

Game seed: 8020408095150501477

39 Zagger the Firebug (level 3, -14/24 HPs)
             Began as a Demonspawn Fire Elementalist on Jan 18, 2024.
             Killed by an exploding ball python (16 damage)
             ... ignited by their inner flame
             ... on level 2 of the Dungeon.
             The game lasted 00:01:54 (1422 turns).

Zagger the Firebug (Demonspawn Fire Elementalist)   Turns: 1422, Time: 00:01:54

Health: -14/24     AC:  9    Str:  8    XL:     3   Next: 26%
Magic:  2/6        EV: 12    Int: 17    God:
Gold:   87         SH:  0    Dex: 13    Spells: 3/6 levels left

rFire   . . .        e - +0 glaive (protect)
rCold   . . .        (shield currently unavailable)
rNeg    . . .        a - +0 robe
rPois   .            (no helmet)
rElec   .            (no cloak)
rCorr   +            (no gloves)
SInv    .            (no boots)
Will    .....        (no amulet)
Stlth   ++           d - ring of resist corrosion
HPRegen 0.24/turn    (no ring)
MPRegen 0.10/turn

%: no passive effects
@: lethally poisoned (-14 -> -15), under a protective aura
A: demonic magic 1
a: no special abilities


You were on level 2 of the Dungeon.
You visited 1 branch of the dungeon, and saw 2 of its levels.

You collected 87 gold pieces.

Inventory:

Hand Weapons
 c - a +0 short sword
 e - a +0 glaive of protection (weapon)
Armour
 a - a +0 robe (worn)
Jewellery
 d - a ring of resist corrosion (left hand)
Wands
 f - a wand of roots (7)
Potions
 b - 2 potions of magic


   Skills:
 + Level 0.1 Polearms
 + Level 1.9 Dodging
 + Level 1.9 Stealth
 * Level 2.3 Spellcasting
 * Level 1.7 Conjurations
 * Level 3.2 Fire Magic


You had 3 spell levels left.
You knew the following spells:

 Your Spells              Type           Power      Damage    Failure   Level
a - Foxfire               Conj/Fire      40%        2x1d6     7%          1
b - Scorch                Fire           26%        2d6       8%          2

Your spell library contained the following spells:

 Spells                   Type           Power      Damage    Failure   Level
 Inner Flame              Hex/Fire       7%         N/A       28%         3
 Volatile Blastmotes      Fire/Tloc      14%        2d11      28%         3
 Flame Wave               Conj/Fire      10%        2d6       54%         4


Dungeon Overview and Level Annotations

Branches:
Dungeon (2/15)

Altars:


Innate Abilities, Weirdness & Mutations

Spells you cast may paralyse adjacent enemies.


Message History

You slash the adder!
Your weapon exudes an aura of protection.
You kill the adder!
You feel very sick.
The giant cockroach bites you but does no damage.
You hit the giant cockroach.
The giant cockroach is almost dead.
* * * LOW HITPOINT WARNING * * *
You feel very sick. The giant cockroach closely misses you.
The giant cockroach barely misses you.
An endoplasm comes into view.
Unknown command.
You completely miss the giant cockroach.
The giant cockroach is almost dead.
* * * LOW HITPOINT WARNING * * *
You feel sick.
The giant cockroach bites you but does no damage. x2
The endoplasm quivers.
You slash the giant cockroach!
You kill the giant cockroach!
* * * LOW HITPOINT WARNING * * *
You feel sick.
The endoplasm jiggles.
The ball python closely misses you. x2
Read: scroll of immolation
Press: ? - help, Q - select action, (/) - cycle Dir - look around, f - activate Look: a ball python (susceptible)
As you read the scroll of immolation, it crumbles to dust.
The creatures around you are filled with an inner flame!
* * * LOW HITPOINT WARNING * * *
You feel sick.
The ball python bites you but does no damage.
The ball python misses you.
Unknown command.
You hit the ball python.
The ball python explodes!
The fiery explosion engulfs the giant cockroach!!
The fiery explosion engulfs you!
Ouch! That really hurt!
You die...

#............... #.
#........... ... ##
#.......... ..# #
#......... ..## #
#........ ..# ###
##.....J. #.###..
#...?.§§# ###.....#
#§# ##.....### #@##
#..###<##. #..# #†##
#.##. ####.#### #.#
#..#. #.......###.#
##.#. #...........#
#...
#.......##########.#
#.......# #[...>..
#.......# #.......
#.......# #.......


You could see an endoplasm (inner flame).

Vanquished Creatures
  An adder (D:2)
  A dart slug (D:2)
  3 endoplasms (D:1)
  4 giant cockroaches
  3 goblins
  A hobgoblin (D:1)
  3 jackals (D:1)
  A quokka (D:1)
  5 ball pythons
  A bat (D:1)
  A frilled lizard (D:1)
  4 kobolds (D:1)
  A rat (D:2)
29 creatures vanquished.

Vanquished Creatures (others)
  98 foxfires
98 creatures vanquished.

Grand Total: 127 creatures vanquished

Notes
Turn   | Place    | Note
-------+----------+-------------------------------------------
     0 | D:1      | Zagger the Demonspawn Fire Elementalist began the quest for
                  | the Orb.
     0 | D:1      | Reached XP level 1. HP: 13/13 MP: 3/3
   263 | D:1      | Reached skill level 3 in Fire Magic
   307 | D:1      | Gained mutation: Spells you cast may paralyse adjacent
                  | enemies. [demonic ancestry]
   307 | D:1      | Reached XP level 2. HP: 19/19 MP: 0/5
  1275 | D:1      | Learned a level 2 spell: Scorch
  1408 | D:2      | Reached XP level 3. HP: 24/24 MP: 2/6
  1422 | D:2      | Killed by an exploding ball python... ignited by their
                  | inner flame

Illustrated notes

Levels and vault maps discovered:
D:1:      onia_arrival_mini_spirals, layout_basic
D:2:      layout_rooms

Skill      XL: |  1 |
---------------+----+-----
Fire Magic     | 3 |  3.2
Polearms       | |  0.1
Dodging        | |  1.9
Stealth        | |  1.9
Spellcasting   | |  2.3
Conjurations   | |  1.7

Action                     || total
---------------------------++-------
  Melee: Short sword       ||    15
         Glaive            ||    21
   Cast: Foxfire           ||    58
    Use: Scroll            ||     3
         Potion            ||     1
   Stab: Sleeping          ||     3
 Armour: Robe              ||    23
  Dodge: Dodged            ||    31

Table legend: (Time is in decaauts)
 A = Elapsed time spent in this place.
 B = Non-inter-level travel time spent in this place.
 C = Inter-level travel time spent in this place.
 D = Time resting spent in this place.
 E = Time spent auto-exploring this place.
 F = Levels seen in this place.
 G = Mean time per level.
                   A        B        C        D        E       F      G
               +--------+--------+--------+--------+--------+-----+--------+
         Total |   1434 |   1377 |     57 |      5 |   1162 |   2 |  717.0 |
       Dungeon |   1434 |   1377 |     57 |      5 |   1162 |   2 |  717.0 |
               +--------+--------+--------+--------+--------+-----+--------+

Top non-repeatable levels by time:
     D:1: 1283 daAuts
     D:2: 151 daAuts
